 Dungeon Crawl Stone Soup version 0.29-a0-757-g358383bc75 (webtiles) character file.

Game seed: 906063468238247103

10954 buhh the Fighter (level 11, -4/99 HPs)
             Began as an Octopode Transmuter on June 30, 2022.
             Was an Elder of Cheibriados.
             Slain by a cane toad (8 damage)
             ... on level 2 of the Lair of Beasts.
             The game lasted 00:32:39 (19596 turns).

buhh the Fighter (Octopode Transmuter)             Turns: 19596, Time: 00:32:40

Health: -4/99      AC:  9    Str: 19    XL:     11   Next: 70%
Magic:  0/14       EV: 15    Int: 28    God:    Cheibriados [****..]
Gold:   542        SH:  0    Dex: 22    Spells: 4/14 levels left

rFire   x . .      SeeInvis .     - Unarmed
rCold   + + +      Faith    .   (shield currently unavailable)
rNeg    . . .      Spirit   +   (helmet currently unavailable)
rPois   +          Reflect  .   i - amulet of guardian spirit
rElec   .          Harm     .   E - ring of poison resistance
rCorr   .          Rampage  .   (no ring)
Will    .....                   (no ring)
Stlth   +++.......              (no ring)
HPRegen 0.26/turn               (no ring)
MPRegen 0.14/turn               (no ring)
                                (no ring)
                                (no ring)

@: ice-form, studying Throwing, very slow
A: freezing attack, boosted hp, almost no armour, amphibious, 8 rings, large,
(camouflage 1), (gelatinous body 1), (nimble swimmer 1), (tentacles)
a: End Transformation, Renounce Religion, Bend Time, Temporal Distortion, Slouch


You were on level 2 of the Lair of Beasts.
You worshipped Cheibriados.
Cheibriados was greatly pleased with you.
You were a creature of crystalline ice.
You visited 2 branches of the dungeon, and saw 12 of its levels.

You collected 542 gold pieces.

Inventory:

Hand Weapons
 m - a +2 vampiric demon blade
Missiles
 d - 2 throwing nets {!f}
 n - 8 atropa-tipped darts
Magical Staves
 j - a staff of air
 q - a staff of conjuration
Jewellery
 i - an amulet of guardian spirit (around neck)
 E - a ring of poison resistance (left front paw)
Wands
 f - a wand of flame (15)
 v - a wand of digging (2)
 G - a wand of paralysis (2)
Scrolls
 c - a scroll of blinking {!d}
 g - a scroll of noise {unknown}
 l - a scroll of silence {unknown}
 r - a scroll of fog {unknown}
 s - a scroll of summoning {unknown}
 t - 5 scrolls of teleportation {!d}
 y - a scroll of poison {unknown}
 A - a scroll of vulnerability
 B - a scroll of enchant armour {unknown}
 C - a scroll of acquirement
 F - a scroll of enchant weapon
 T - 2 scrolls of immolation {!d}
Potions
 a - a potion of invisibility {unknown}
 b - 3 potions of degeneration {unknown}
 e - 4 potions of mutation {unknown}
 h - 2 potions of brilliance {unknown}
 k - 2 potions of flight
 o - a potion of cancellation {unknown}
 p - 5 potions of might {unknown}
 u - a potion of resistance {unknown}
 w - a potion of haste {unknown}
 x - a potion of magic {unknown}
 z - a potion of attraction {unknown}


   Skills:
 - Level 11.0 Fighting
 - Level 6.0 Throwing
 * Level 8.2 Dodging
 - Level 3.3 Stealth
 * Level 6.2 Unarmed Combat
 - Level 2.0 Spellcasting
 * Level 8.2 Transmutations
 - Level 5.0 Ice Magic
 - Level 3.0 Poison Magic


You had 4 spell levels left.
You knew the following spells:

 Your Spells              Type           Power      Damage    Failure   Level
a - Beastly Appendage     Tmut           96%        N/A       1%          1
b - Wereblood             Tmut           48%        N/A       1%          2
c - Spider Form           Tmut/Pois      34%        N/A       2%          3
d - Ice Form              Ice/Tmut       39%        N/A       6%          4

Your spell library contained the following spells:

 Spells                   Type           Power      Damage    Failure   Level
 Magic Dart               Conj           8%         1d3       9%          1
 Summon Small Mammal      Summ           8%         N/A       9%          1
 Blink                    Tloc           4%         N/A       14%         2
 Call Imp                 Summ           2%         N/A       14%         2
 Sublimation of Blood     Necr           2%         N/A       14%         2
 Mephitic Cloud           Conj/Pois/Air  8%         N/A       19%         3
 Call Canine Familiar     Summ           2%         N/A       26%         3
 Gell's Gravitas          Tloc           2%         N/A       26%         3
 Summon Guardian Golem    Hex/Summ       2%         N/A       26%         3
 Teleport Other           Tloc           2%         N/A       26%         3
 Passage of Golubria      Tloc           2%         N/A       65%         4
 Manifold Assault         Tloc           2%         N/A       94%         5
 Silence                  Hex/Air        1%         N/A       94%         5
 Dispersal                Tloc           1%         N/A       100%        6
 Storm Form               Tmut/Air       12%        N/A       100%        7
 Summon Hydra             Summ           1%         N/A       100%        7
 Lehudib's Crystal Spear  Conj/Erth      1%         10d2      100%        8


Dungeon Overview and Level Annotations

Branches:
Dungeon (10/15) Zot: 38154  Temple (0/1) D:5            Lair (2/6) D:9 Zot: 16492
    Orc (0/2) D:9
  Swamp: Lair:2-4    Shoals: Lair:2-4     Snake: Lair:2-4    Spider: Lair:2-4

Altars:
Ashenzari
Cheibriados
Fedhas
Gozag
Kikubaaqudgha
Okawaru
Ru
Wu Jian
Yredelemnul
The Shining One

Shops:
D:4 [

Annotations:
D:5 1 runed translucent door, lunkers's ghost, novice MeAK
D:10 Maurice
Lair:1 3 runed translucent doors, gobodom's ghost, journeyman DsGl


Innate Abilities, Weirdness & Mutations

You are a creature of crystalline ice.
You have a powerful freezing melee attack.
Your maximum health is increased.
Your armour is entirely melded.
You are incapable of wielding weapons or throwing items.
You cannot wear most types of armour.
You are amphibious.
You can wear up to eight rings at the same time.
((Your skin changes colour to match your surroundings (Stealth+).))
((Your rubbery body absorbs attacks. (AC +1, EV +1)))
((You are camouflaged when in or above water. (Stealth+)))
((You have tentacles for arms and can constrict up to eight enemies at once.))


Message History

You hear a howl!
A wolf comes into view.
A wolf is nearby!
A wolf is nearby!
You howl as the wereblood boils in your veins!
Casting: Ice Form (dangerous; 6% risk of failure)
Press: ? - help, Q - select action, (/) - cycle Dir - look around, f - activate You turn into a creature of crystalline ice.
Your primal bloodlust is almost over.
The wolf bites you but does no damage. The wolf bites you!
You pummel the wolf!! You freeze the wolf!
You feel a bit better.
You kill the wolf!
Cheibriados thoroughly appreciates the change of pace.
You howl as the wereblood boils in your veins!
Your primal bloodlust has ended.
You start resting.
A cane toad comes into view.
A cane toad is nearby!
You start resting.
A cane toad is nearby!
Really quaff
N - a potion of curing {!q!d}?
You feel better.
You don't have enough magic to cast this spell.
Casting: Ice Form (dangerous; 6% risk of failure)
Press: ? - help, Q - select action, (/) - cycle Dir - look around, f - activate You extend your transformation's duration.
The cane toad croaks.
You barely miss the cane toad. The cane toad stings you!!
* * * LOW HITPOINT WARNING * * *
You hit the cane toad but do no damage. The cane toad stings you!
* * * LOW HITPOINT WARNING * * *
You punch the cane toad! You freeze the cane toad.
The cane toad is moderately wounded.
The cane toad stings you!
* * * LOW HITPOINT WARNING * * *
You pummel the cane toad!!
The cane toad seems to slow down.
You freeze the cane toad.
The cane toad is almost dead.
The cane toad stings you!
You die...

#...P #F..#
#...##
....# #...#
#...# #...#
##..# #YF.#
##..P#
#...#
......
........
..........
..........
..........^


You could see a cane toad (slow).

Vanquished Creatures
  3 two-headed ogres
  Joseph (D:7)
  A cane toad (Lair:1)
  2 komodo dragons (Lair:1)
  A troll (D:10)
  2 hornets
  Sigmund (D:6)
  A wraith (D:9)
  A wyvern (D:9)
  15 yaks
  A steam dragon (D:8)
  An acid dragon (D:10)
  Edmund (D:6)
  2 water moccasins
  5 orc warriors
  A black bear (D:6)
  5 ice beasts
  3 ogres
  12 wolves
  5 bullfrogs
  Blork the orc (D:6)
  A necrophage (D:5)
  4 scorpions
  2 gnoll sergeants (D:9)
  10 killer bees (D:9)
  An electric eel (Lair:2)
  A howler monkey (D:9)
  A jelly (D:5)
  4 orc priests
  4 hounds
  2 iguanas (D:5)
  Jessica (D:3)
  5 orc wizards
  6 adders
  13 gnolls
  2 white imps (D:5)
  3 ufetubi
  2 worms
  4 dart slugs
  19 orcs
  7 ball pythons
  5 endoplasms
  2 giant cockroaches (D:2)
  5 goblins
  6 hobgoblins
  2 jackals (D:3)
  5 quokkas
  A frilled lizard (D:2)
  2 kobolds (D:1)
  6 rats
191 creatures vanquished.

Vanquished Creatures (others)
  8 fungi
  8 plants
16 creatures vanquished.

Grand Total: 207 creatures vanquished

Notes
Turn   | Place    | Note
-------+----------+-------------------------------------------
     0 | D:1      | buhh the Octopode Transmuter began the quest for the Orb.
     0 | D:1      | Reached XP level 1. HP: 13/13 MP: 3/3
   476 | D:1      | Reached XP level 2. HP: 15/18 MP: 3/5
  1076 | D:2      | Reached XP level 3. HP: 6/24 MP: 4/6
  1627 | D:2      | Reached skill level 2 in Fighting
  2191 | D:2      | Reached XP level 4. HP: 30/30 MP: 5/7
  2301 | D:2      | Reached skill level 3 in Fighting
  3416 | D:3      | Reached skill level 4 in Fighting
  3416 | D:3      | Reached XP level 5. HP: 24/37 MP: 8/8
  3499 | D:3      | Found a sacrificial altar of Ru.
  3505 | D:3      | Found an opulent altar of Gozag.
  3505 | D:3      | Found an iron altar of Okawaru.
  3505 | D:3      | Found a basalt altar of Yredelemnul.
  3508 | D:3      | Found a snail-covered altar of Cheibriados.
  3509 | D:3      | Found a broken altar of Ashenzari.
  3512 | D:3      | Became a worshipper of Cheibriados the Contemplative
  3519 | D:3      | Identified a scroll of acquirement
  3969 | D:3      | Found a faded altar of an unknown god.
  4169 | D:4      | Found a blossoming altar of Fedhas.
  4185 | D:4      | Found an ornate altar of the Wu Jian Council.
  4190 | D:4      | Found Cidist's Antique Armour Boutique.
  4381 | D:3      | Noticed Jessica
  4389 | D:3      | Killed Jessica
  4833 | D:5      | Entered Level 5 of the Dungeon
  4853 | D:5      | Reached skill level 5 in Fighting
  4853 | D:5      | Reached XP level 6. HP: 30/45 MP: 9/9
  4994 | D:5      | Noticed an ice beast
  5400 | D:5      | Learned a level 2 spell: Wereblood
  5404 | D:5      | Learned a level 3 spell: Spider Form
  5855 | D:5      | Found a staircase to the Ecumenical Temple.
  5881 | D:6      | Noticed a black bear
  5892 | D:6      | Killed a black bear
  5956 | D:6      | Reached skill level 6 in Fighting
  6007 | D:6      | Noticed an ice beast
  6117 | D:6      | Noticed Blork the orc
  6149 | D:5      | Reached XP level 7. HP: 32/52 MP: 4/10
  6297 | D:5      | HP: 1/52 [ice beast (11)]
  7295 | D:5      | Reached XP level 8. HP: 52/57 MP: 9/11
  7522 | D:5      | Reached * piety under Cheibriados
  7546 | D:5      | Found a runed translucent door.
  7549 | D:5      | Noticed lunkers's ghost (novice MeAK)
  7797 | D:6      | Noticed Sigmund
  7828 | D:6      | Noticed Edmund
  8446 | D:7      | Noticed Joseph
  8927 | D:7      | Noticed a hornet
  8934 | D:7      | Killed a hornet
  9874 | D:8      | Reached XP level 9. HP: 43/62 MP: 3/12
 10690 | D:8      | Learned a level 4 spell: Ice Form
 10708 | D:8      | Noticed a tengu warrior
 10909 | D:7      | Paralysed by Joseph for 5 turns
 10914 | D:7      | Killed Joseph
 11269 | D:6      | Killed Blork the orc
 11351 | D:6      | Killed Sigmund
 11375 | D:6      | Killed Edmund
 11376 | D:6      | Reached skill level 7 in Fighting
 12561 | D:8      | Noticed a hornet
 13272 | D:8      | Noticed a troll
 13272 | D:8      | Noticed a troll
 13294 | D:8      | Reached ** piety under Cheibriados
 13459 | D:9      | Reached skill level 8 in Fighting
 13460 | D:9      | Reached XP level 10. HP: 43/73 MP: 3/13
 13464 | D:9      | Reached skill level 9 in Fighting
 13849 | D:9      | Noticed a two-headed ogre
 13857 | D:9      | Killed a two-headed ogre
 14102 | D:9      | Found a staircase to the Lair.
 14544 | D:9      | Found a staircase to the Orcish Mines.
 15476 | D:9      | Reached skill level 10 in Fighting
 15489 | D:9      | Reached *** piety under Cheibriados
 16555 | D:10     | Entered Level 10 of the Dungeon
 16609 | D:10     | Noticed Maurice
 16910 | D:10     | Reached skill level 11 in Fighting
 16910 | D:10     | Reached XP level 11. HP: 83/83 MP: 7/14
 17466 | D:10     | Noticed a two-headed ogre
 17474 | D:10     | Killed a two-headed ogre
 17712 | D:10     | Found an ancient bone altar of Kikubaaqudgha.
 17842 | D:10     | Noticed a two-headed ogre
 17921 | D:10     | Killed a two-headed ogre
 18226 | D:10     | Found a glowing golden altar of the Shining One.
 18280 | D:10     | Noticed a two-headed ogre
 18548 | Lair:1   | Entered Level 1 of the Lair of Beasts
 18876 | Lair:1   | Found a gate leading to a gauntlet.
 18882 | Lair:1   | Found a runed translucent gate.
 18882 | Lair:1   | Found a runed translucent gate.
 18884 | Lair:1   | Found a runed translucent gate.
 18884 | Lair:1   | Noticed a 12-headed hydra
 18885 | Lair:1   | Noticed a nine-headed hydra
 19159 | Lair:1   | Noticed gobodom's ghost (journeyman DsGl)
 19471 | Lair:2   | Reached **** piety under Cheibriados
 19550 | Lair:2   | Noticed a spriggan rider
 19595 | Lair:2   | HP: 4/99 [cane toad (11)]
 19596 | Lair:2   | Slain by a cane toad

Illustrated notes

Levels and vault maps discovered:
D:1:      minmay_arrival_arboretum_large, layout_basic
D:2:      layout_basic, corexii_leaking_fountain, kennysheep_donut,
          eino_curves_04
D:3:      layout_rooms, minitemple, shapermc_ecumenical_altar_ellora,
          nicolae_elevator_lobby_plus, uniq_jessica
D:4:      layout_basic, mainiacjoe_overflow_large_starburst, serial_shops, shop,
          hangedman_decor_riveting
D:5:      layout_rooms, minmay_temple_entry_tees, ebering_ghost_reflecting_pool,
          minmay_manual_mandibuliform
D:6:      layout_basic, sigmund_edmund_badplayer, uniq_blork_the_orc
D:7:      layout_basic, hex_tiny, minmay_misc_feat_hallway,
          minmay_misc_feat_diagonals, uniq_joseph
D:8:      layout_gridville, kb_rosetta
D:9:      layout_irregular_city, lair_entry_dummy, erik_orc_3
D:10:     layout_gridville, mainiacjoe_overflow_catwalk, kennysheep_little_box,
          uniq_maurice
Lair:1:   layout_regular_city, gauntlet_entry_generic,
          gammafunk_ghost_hydra_chop
Lair:2:   layout_hall_layers, grunt_forest_large_clearings,
          serial_bayou_shore_b, serial_bayou_shore_a

Skill      XL: |  1  2  3  4  5  6  7  8  9 10 11 |
---------------+----------------------------------+-----
Stealth        | 1 3 |  3.3
Fighting       | 2 4 5 6 8 11 | 11.0
Poison Magic   | 3 |  3.0
Transmutations | 5 7 8 |  8.2
Throwing       | 6 |  6.0
Ice Magic      | 5 |  5.0
Unarmed Combat | 6 |  6.2
Dodging        | 8 |  8.2
Spellcasting   | |  2.0

Action                   |  1- 3 |  4- 6 |  7- 9 | 10-12 || total
-------------------------+-------+-------+-------+-------++-------
Melee: Unarmed           |    53 |    89 |   215 |   265 ||   622
       Constrict         |    19 |    21 |     8 |     1 ||    49
       Kick              |    13 |    30 |    13 |       ||    56
       Tentacles         |    14 |    17 |    11 |     1 ||    43
       Punch             |     4 |     1 |     1 |       ||     6
       Demon blade       |       |    30 |       |       ||    30
Throw: Dart              |     1 |     4 |       |     6 ||    11
 Cast: Beastly Appendage |    18 |    24 |     8 |       ||    50
       Spider Form       |       |     5 |    16 |       ||    21
       Ice Form          |       |       |    14 |    41 ||    55
       Wereblood         |       |       |     1 |     5 ||     6
Evoke: Wand              |       |    11 |    24 |    13 ||    48
  Use: Potion            |     1 |     1 |     6 |     2 ||    10
       Scroll            |       |     5 |     9 |     6 ||    20
 Stab: Sleeping          |     3 |     5 |     2 |     2 ||    12
       Paralysed         |       |    14 |     6 |       ||    20
Armor: Skin              |     6 |       |    28 |    83 ||   117
Dodge: Dodged            |    21 |    77 |   136 |   161 ||   395

Table legend: (Time is in decaauts)
 A = Elapsed time spent in this place.
 B = Non-inter-level travel time spent in this place.
 C = Inter-level travel time spent in this place.
 D = Time resting spent in this place.
 E = Time spent auto-exploring this place.
 F = Levels seen in this place.
 G = Mean time per level.
                   A        B        C        D        E       F      G
               +--------+--------+--------+--------+--------+-----+--------+
         Total |  22685 |  20989 |   1696 |   6872 |  10946 |  12 | 1890.4 |
       Dungeon |  21176 |  19507 |   1669 |   6762 |   9870 |  10 | 2117.6 |
          Lair |   1509 |   1482 |     27 |    110 |   1075 |   2 |  754.5 |
               +--------+--------+--------+--------+--------+-----+--------+

Top non-repeatable levels by time:
     D:7: 3993 daAuts
     D:9: 3698 daAuts
     D:5: 2361 daAuts
    D:10: 2220 daAuts
     D:3: 2001 daAuts
     D:2: 1746 daAuts
     D:4: 1447 daAuts
     D:6: 1422 daAuts
  Lair:1: 1331 daAuts
     D:8: 1214 daAuts
     D:1: 1071 daAuts
  Lair:2: 178 daAuts
